 Dungeon Crawl Stone Soup version 0.25.1-2-g60ff931df9 (webtiles) character file.

Game seed: 4497043779831582891

103 raphialitos the Shield-Bearer (level 5, 0/42 HPs)
             Began as a Formicid Fighter on Oct 20, 2020.
             Slain by a leopard gecko (1 damage)
             ... on level 2 of the Dungeon.
             The game lasted 00:03:12 (1102 turns).

raphialitos the Shield-Bearer (Formicid Fighter)    Turns: 1102, Time: 00:03:13

Health: 0/42       AC:  8    Str: 21    XL:     5   Next: 6%
Magic:  5/5        EV:  6    Int:  8    God:
Gold:   65         SH: 16    Dex: 10    Spells: 4/4 levels left

rFire    + . .     SeeInvis +   a - +0 war axe
rCold    + . .     Gourm    .   h - +2 tower shield
rNeg     . . .     Faith    .   b - +0 scale mail
rPois    +         Spirit   .   (helmet unavailable)
rElec    +         Reflect  .   (no cloak)
rCorr    +         Harm     .   g - +0 pair of gloves
MR       .....                  (no boots)
Stlth    ..........             (no amulet)
HPRegen  0.14/turn              m - ring of poison resistance
MPRegen  0.09/turn              (no ring)

@: resistant
A: permanent stasis, dig shafts and tunnels, four strong arms, antennae 3
a: Dig, Shaft Self


You were on level 2 of the Dungeon.
You were hungry.

You visited 1 branch of the dungeon, and saw 2 of its levels.

You collected 65 gold pieces.

Inventory:

Hand Weapons
 a - a +0 war axe (weapon)
Missiles
 j - 24 arrows
Armour
 b - a +0 scale mail (worn)
 g - a +0 pair of gloves (worn)
 h - a +2 tower shield (worn)
Jewellery
 m - a ring of poison resistance (left hand)
 n - an uncursed amulet of guardian spirit {unknown}
Scrolls
 c - a scroll of teleportation {unknown}
 l - a scroll of remove curse
Potions
 d - a potion of might
Comestibles
 f - 3 rations


   Skills:
 + Level 3.9 Fighting
 + Level 2.7 Axes
 + Level 3.9 Armour
 + Level 0.4 Dodging
 + Level 4.8 Shields


You had 4 spell levels left.
You didn't know any spells.
Your spell library was empty.

Dungeon Overview and Level Annotations

Branches:
Dungeon (2/15)

Altars:


Innate Abilities, Weirdness & Mutations

You cannot be hasted, slowed, berserked, paralysed or teleported.
You can dig through walls and to a lower floor.
Your four strong arms can wield two-handed weapons with a shield.
You have a pair of large antennae on your head. (SInv)


Message History

You block the gnoll's attack.
You barely miss the gnoll.
The gnoll is lightly wounded.
The gnoll hits you with a +0 flail.
* * * LOW HITPOINT WARNING * * *
The leopard gecko hisses menacingly.
You hit the gnoll.
The gnoll is heavily wounded.
The gnoll hits you with a +0 flail.
* * * LOW HITPOINT WARNING * * *
You block the gnoll's attack.
You slash the gnoll!
You kill the gnoll!
You have reached level 5!
It was a potion of cancellation.
You feel magically purged.
You block the leopard gecko's attack. x2
It was a potion of resistance.
You feel protected. The leopard gecko bites you.
You die...

####### ....).###
#### #.......
.gl..
#.###)###...g..
#.#g.†(...#
#.#l##.####
##.#@##.#
#########....##.#
#).........####<#
#.#######.## #.#
#.# #.# #.# #.#
#.# #.# ##.## #.#
#.# ##...## ##^##
#.# #...#.#
##.#.## #.#


You could see a gnoll and a leopard gecko.

Vanquished Creatures
  A bullfrog zombie (D:2)
  3 gnolls (D:2)
  2 oozes (D:1)
  A bat (D:1)
  3 giant cockroaches (D:1)
  6 goblins (D:1)
  5 hobgoblins (D:1)
  2 kobolds
  A ball python (D:1)
  A frilled lizard (D:1)
  8 rats
33 creatures vanquished.

Notes
Turn   | Place    | Note
-------+----------+-------------------------------------------
     0 | D:1      | raphialitos the Formicid Fighter began the quest for the
                  | Orb.
     0 | D:1      | Reached XP level 1. HP: 18/18 MP: 1/1
    16 | D:1      | Reached skill level 4 in Shields
    19 | D:1      | Reached XP level 2. HP: 20/24 MP: 2/2
   266 | D:1      | Reached XP level 3. HP: 29/29 MP: 3/3
   946 | D:2      | Reached XP level 4. HP: 30/37 MP: 4/4
  1099 | D:2      | HP: 1/37 [gnoll/+0 flail (6)]
  1100 | D:2      | Reached XP level 5. HP: 1/42 MP: 5/5
  1102 | D:2      | Slain by a leopard gecko

Illustrated notes

Levels and vault maps discovered:
D:1:      minmay_arrival_loop, layout_rooms, serial_rivers,
          chequers_serial_rivers_room_b, chequers_serial_rivers_micro_d,
          chequers_serial_rivers_micro_e, chequers_serial_rivers_micro_a,
          chequers_serial_rivers_micro_b
D:2:      layout_loops_ring

Skill      XL: |  1 |
---------------+----+-----
Shields        | 4 |  4.8
Fighting       | |  3.9
Axes           | |  2.7
Armour         | |  3.9
Dodging        | |  0.4

Action                   |  1- 3 |  4- 6 || total
-------------------------+-------+-------++-------
Melee: War axe           |    63 |    18 ||    81
  Use: Scroll            |     5 |       ||     5
       Potion            |       |     2 ||     2
Armor: Scale mail        |    24 |     6 ||    30
Dodge: Dodged            |    24 |     3 ||    27
Block: Kite shield       |    11 |       ||    11
       Tower shield      |    50 |    29 ||    79
